 Dungeon Crawl Stone Soup version 0.22-a0-346-ga714374 (webtiles) character file.

304061 xccam the Tortoise (level 21, 0/166 HPs)
             Began as a Gnoll Wanderer on Apr 6, 2018.
             Was an Elder of Cheibriados.
             Splashed by a deep elf sorcerer's acid (13 damage)
             ... led by an ironheart preserver
             ... on level 2 of the Vaults.
             The game lasted 02:10:17 (33231 turns).

xccam the Tortoise (Gnoll Wanderer)                Turns: 33231, Time: 02:10:18

Health: 0/166      AC: 24    Str: 35    XL:     21   Next: 10%
Magic:  5/38       EV: 22    Int: 25    God:    Cheibriados [****..]
Gold:   2233       SH: 17    Dex: 30    Spells: 30/47 levels left

rFire    + + +     SeeInvis .   N - +9 morningstar "Rostraeto" {freeze, rF++ rC- Dex+5}
rCold    + + .     Gourm    .   O - +0 shield
rNeg     . . .     Faith    .   T - +4 plate armour "Gouttome" {rPois Str+4}
rPois    +         Spirit   .   e - +2 hat
rElec    .         Reflect  .   S - scarf {rC+ rF+}
rCorr    .         Harm     .   W - +0 pair of gloves
MR       +....                  s - +2 pair of boots
Stlth    ++........             U - amulet of regeneration
HPRegen  1.77/turn              m - ring of protection from cold
MPRegen  0.26/turn              D - ring of protection from cold

@: corroded, very slightly contaminated, regenerating, very slow
A: distributed training, fangs 1, strong nose
}: 2/15 runes: decaying, serpentine
a: Bend Time, Temporal Distortion, Slouch, Renounce Religion


You were on level 2 of the Vaults.
You worshipped Cheibriados.
Cheibriados was greatly pleased with you.
You were not hungry.

You visited 8 branches of the dungeon, and saw 35 of its levels.
You visited the Abyss 1 time.
You also visited: Labyrinth, Bailey and Ice Cave.

You collected 3921 gold pieces.
You spent 1688 gold pieces at shops.

Inventory:

Hand Weapons
 C - the +8 whip "Snakebite" {curare, rPois}
   (You found it on level 5 of the Lair of Beasts)

   It poisons the flesh of those it strikes.
   It protects you from poison.
 E - a +2 broad axe of electrocution
 N - the +9 morningstar "Rostraeto" (weapon) {freeze, rF++ rC- Dex+5}
   (You found it on level 11 of the Dungeon)

   It has been specially enchanted to freeze those struck by it, causing extra
   injury to most foes and up to half again as much damage against particularly
   susceptible opponents.
   It can also slow down cold-blooded creatures.
   It affects your dexterity (+5).
   It greatly protects you from fire.
   It makes you vulnerable to cold.
Missiles
 p - 31 tomahawks of returning (quivered)
 w - 7 steel javelins
 V - 1026 arrows
Armour
 d - the +10 large shield of Ignorance {rN+ Int-4}
   (You acquired it on level 2 of the Orcish Mines)

   It affects your intelligence (-4).
   It protects you from negative energy.
 e - a +2 hat (worn)
 s - a +2 pair of boots (worn)
 O - a +0 shield (worn)
 S - a scarf of resistance (worn)
 T - the +4 plate armour "Gouttome" (worn) {rPois Str+4}
   (You bought it in a shop on level 11 of the Dungeon)

   It affects your strength (+4).
   It protects you from poison.
 W - a +0 pair of gloves (worn)
 Z - a scarf of repulsion
Jewellery
 m - a ring of protection from cold (left hand)
 y - a +6 ring of slaying
 D - a ring of protection from cold (right hand)
 K - an uncursed ring of protection from magic
 U - an amulet of regeneration (around neck)
Wands
 q - a wand of digging (30)
 v - a wand of acid (14)
 F - a wand of iceblast (15)
 H - a wand of polymorph (5)
 R - a wand of disintegration (11)
Scrolls
 a - 7 scrolls of identify
 b - 19 scrolls of teleportation
 h - 4 scrolls of magic mapping
 j - 4 scrolls of immolation
 k - a scroll of blinking
 l - 2 scrolls of fear
 t - 25 scrolls of remove curse
 x - a scroll of torment
 B - 3 scrolls of enchant armour
 J - 4 scrolls of enchant weapon
 Q - 2 scrolls of fog
 X - 6 scrolls of amnesia
Potions
 c - 5 potions of lignification
 i - 7 potions of might
 n - 7 potions of flight
 o - 8 potions of curing
 r - 2 potions of agility
 u - a potion of brilliance
 z - 2 potions of invisibility
 A - 2 potions of magic
 G - a potion of resistance
 I - 4 potions of mutation
 L - 4 potions of ambrosia
Miscellaneous
 M - a lightning rod (4/4)
Comestibles
 f - 48 rations


   Skills:
 + Level 14.7 Fighting
 + Level 13.6 Short Blades
 + Level 13.6 Long Blades
 + Level 13.6 Axes
 + Level 13.8 Maces & Flails
 + Level 13.6 Polearms
 + Level 13.6 Staves
 + Level 13.6 Slings
 + Level 13.6 Bows
 + Level 13.6 Crossbows
 + Level 13.8 Throwing
 + Level 15.5 Armour
 + Level 13.6 Dodging
 + Level 13.7 Stealth
 + Level 13.6 Shields
 + Level 13.6 Unarmed Combat
 + Level 13.6 Spellcasting
 + Level 11.7 Conjurations
 + Level 11.7 Hexes
 + Level 11.7 Charms
 + Level 11.7 Summonings
 + Level 11.7 Necromancy
 + Level 11.7 Translocations
 + Level 11.7 Transmutations
 + Level 11.7 Fire Magic
 + Level 11.7 Ice Magic
 + Level 11.7 Air Magic
 + Level 11.7 Earth Magic
 + Level 11.7 Poison Magic
 + Level 14.6 Invocations
 + Level 13.6 Evocations


You had 30 spell levels left.
You knew the following spells:

 Your Spells              Type           Power        Failure   Level  Hunger
a - Conjure Flame         Conj/Fire      ######..     1%          3    None
b - Sticks to Snakes      Tmut           ######..     1%          2    None
c - Blink                 Tloc           N/A          1%          2    None
d - Mephitic Cloud        Conj/Pois/Air  ######..     1%          3    None
e - Apportation           Tloc           ######       1%          1    None
f - Regeneration          Chrm/Necr      ######....   1%          3    None
g - Spectral Weapon       Hex/Chrm       ######..     1%          3    None


Dungeon Overview and Level Annotations

Branches:
Dungeon (15/15)            Temple (1/1) D:6            Lair (6/6) D:8
  Swamp (4/4) Lair:3        Snake (4/4) Lair:3        Slime (0/5) Lair:5
    Orc (2/2) D:10            Elf (0/3) Orc:2        Vaults (2/5) D:14
 Depths (1/5) D:15
  Crypt: Vaults:2-3

Altars:
Ashenzari
Cheibriados
Dithmenos
Elyvilon
Fedhas
Gozag
Hepliaklqana
Kikubaaqudgha
Makhleb
Nemelex Xobeh
Okawaru
Qazlal
Ru
Sif Muna
Trog
Uskayaw
Vehumet
Xom
Yredelemnul
Zin
The Shining One

Shops:
D:7 }((=   D:11 :([   D:14 [   D:15 :   Orc:2 %[}?   Snake:1 (*([

Portals:
Hell: Depths:1

Annotations:
Vaults:2 Sojobo


Innate Abilities, Weirdness & Mutations

Your experience applies equally to all skills.
You have very sharp teeth.
Your uncanny sense of smell can sniff out nearby items.


Message History

You are very lightly contaminated with residual magic.
As you read the scroll of blinking, it crumbles to dust.
Casting: Regeneration (safe; 1% risk of failure)
Confirm with . or Enter, or press ? or * to list all spells.
Your skin crawls.
You start resting.
The deep elf sorcerer completely misses you.
You impale the deep elf sorcerer!! You freeze the deep elf sorcerer.
The deep elf sorcerer is severely wounded.
The deep elf sorcerer gestures at you while chanting.
The bolt of acid hits you!
* * * LOW HITPOINT WARNING * * *
The acid corrodes you!
You are splashed with acid!
The acid burns!
* * * LOW HITPOINT WARNING * * *
You feel much better.
The deep elf sorcerer gestures at you while chanting.
The bolt of acid hits you!
* * * LOW HITPOINT WARNING * * *
You are splashed with acid!
The acid burns!
You die...

#)ยง# .. # #..# . #
#..# # #..# # #..# #
#..# # #..# #
#.e#################
#..@................
#...................
####################


You could see a deep elf sorcerer.

Vanquished Creatures
  Mara (Snake:4)
  Vashnia (Snake:4)
  A tentacled monstrosity (Vaults:1)
  2 thorn hunters
  Donald (Orc:2)
  6 nagarajas
  3 tengu reavers
  A fire giant (Vaults:1)
  4 frost giants
  A vault warden (Vaults:1)
  7 very ugly things
  4 ironheart preservers
  4 stone giants (Depths:1)
  Nessos (D:12)
  A deep elf annihilator (Vaults:2)
  A minotaur (Lab)
  4 spark wasps (Depths:1)
  Snorg (Lair:3)
  A deep elf death mage (Vaults:2)
  4 ettins
  3 fire dragons
  7 ogre magi
  Josephine (Lair:5)
  A rakshasa (Depths:1)
  3 ice dragons
  2 yaktaur captains
  3 great orbs of eyes (Depths:1)
  Fannar (Lair:2)
  2 ghost crabs
  2 vault guards
  Harold (D:11)
  21 hydras
  27 naga warriors
  A death knight (D:13)
  8 centaur warriors
  20 two-headed ogres
  14 anacondas
  5 tengu warriors
  9 alligators
  A catoblepas (D:14)
  An orc high priest (Orc:2)
  6 death yaks (Lair:4)
  A deep troll earth mage (Depths:1)
  4 hell knights (Depths:1)
  16 naga sharpshooters
  2 deep elf knights (Vaults:2)
  4 shock serpents
  A shadow wraith (D:14)
  8 deep trolls
  2 unseen horrors
  3 wizards
  A deep elf archer (D:14)
  4 salamander mystics
  16 swamp dragons
  4 spriggan druids (Swamp:4)
  12 naga ritualists
  4 shambling mangroves
  Pikel (D:8)
  4 ironbrand convokers (Vaults:1)
  6 necromancers
  A wolf spider zombie (D:15)
  8 harpies
  3 lindwurms (Swamp:4)
  4 orc knights
  A faun (shapeshifter) (Depths:1)
  17 mana vipers
  4 orc sorcerers (Orc:2)
  19 ugly things
  3 manticores
  4 oklob plants (Lair:1)
  2 wolf spiders
  5 cyclopes
  A deep elf mage (D:15)
  15 salamanders
  15 guardian serpents
  23 naga magi
  A guardian serpent (shapeshifter) (D:14)
  5 elephants (Lair:6)
  4 vault sentinels (Vaults:1)
  43 black mambas
  A frost giant skeleton (Depths:1)
  Psyche (D:9)
  An ice statue (IceCv)
  4 gargoyles
  19 spiny frogs
  A rime drake (Lair:6)
  13 yaktaurs
  A kobold demonologist (D:14)
  A yaktaur skeleton (Depths:1)
  6 komodo dragons
  2 freezing wraiths
  An efreet (D:14)
  21 polar bears
  9 trolls
  8 tyrant leeches
  A tengu conjurer (D:15)
  A meliai zombie (D:14)
  17 hornets
  15 blink frogs
  22 slime creatures
  A blink frog (shapeshifter) (Vaults:2)
  An ettin zombie (Depths:1)
  4 bog bodies
  10 hippogriffs
  A hippogriff (shapeshifter) (Vaults:1)
  A redback (Lair:6)
  5 shadows
  33 yaks
  2 centaur simulacra (D:10)
  6 spriggans
  A hog (shapeshifter) (D:14)
  6 basilisks
  2 water elementals
  22 wyverns
  11 wraiths
  20 humans (D:14)
  Grum (D:8)
  24 vampire mosquitoes
  17 swamp worms
  Menkaure (D:7)
  65 nagas
  A warg (Vaults:1)
  4 acid dragons
  2 soldier ants
  8 insubstantial wisps
  24 water moccasins
  3 porcupines
  16 swamp drakes
  31 orc warriors
  3 sky beasts
  The ghost of xccam the Fighter, an amateur GnWn (D:4)
  A black bear (D:11)
  2 slaves (D:8)
  2 eyes of draining (D:6)
  7 ice beasts
  3 necrophages
  A phantom (D:4)
  20 wolves
  26 ogres
  3 boggarts (Depths:1)
  28 centaurs
  14 crocodiles
  An elf zombie (D:13)
  Blork the orc (D:5)
  2 big kobolds
  A bullfrog (shapeshifter) (D:14)
  19 bullfrogs
  An elf skeleton (D:13)
  A wyvern skeleton (D:11)
  2 scorpions
  9 killer bees
  7 wights
  3 electric eels
  3 howler monkeys
  A bullfrog zombie (D:11)
  8 crimson imps
  6 centaur zombies
  6 jellies
  4 centaur skeletons
  3 human zombies (D:13)
  29 orc priests
  7 hounds
  39 orc wizards
  2 bullfrog skeletons
  3 iguanas
  8 worker ants
  A statue (D:9)
  A killer bee zombie (D:8)
  3 bullfrog simulacra (D:10)
  A hound skeleton (D:7)
  2 mummies (D:13)
  5 gnolls
  2 howler monkey skeletons
  19 adders
  6 shadow imps
  4 white imps (D:10)
  2 oozes (Lair:5)
  2 adder skeletons
  2 worms
  3 dart slugs
  8 leopard geckos
  80 orcs
  A bat zombie (D:9)
  4 giant cockroaches
  11 goblins
  5 hobgoblins
  12 jackals
  2 quokkas
  2 ball pythons
  7 bats
  6 frilled lizards
  A jackal skeleton (D:4)
  27 kobolds
  A leopard gecko skeleton (D:8)
  A quokka skeleton (D:4)
  7 rats
  A rat zombie (D:9)
  A fungus (Lair:3)
  A plant (D:15)
1435 creatures vanquished.

Vanquished Creatures (others)
  An ugly thing (D:12)
  A porcupine (Lair:5)
  2 jellies (D:14)
  An orc priest (D:11)
  22 fungi
  60 plants
  2 spectral weapons
89 creatures vanquished.

Grand Total: 1524 creatures vanquished

Notes
Turn   | Place    | Note
-------+----------+-------------------------------------------
     0 | D:1      | xccam the Gnoll Wanderer began the quest for the Orb.
     0 | D:1      | xccam set off with: a +2 scale mail, a scroll of teleportation, a potion of lignification, a +0 club, a ration
     0 | D:1      | Reached XP level 1. HP: 23/23 MP: 1/1
   184 | D:1      | Reached XP level 2. HP: 28/29 MP: 2/2
   621 | D:1      | Reached XP level 3. HP: 35/35 MP: 3/3
   770 | D:2      | Reached skill level 1 in Invocations
  1116 | D:2      | Reached skill level 1 in Short Blades
  1116 | D:2      | Reached skill level 1 in Long Blades
  1116 | D:2      | Reached skill level 1 in Axes
  1116 | D:2      | Reached skill level 1 in Polearms
  1116 | D:2      | Reached skill level 1 in Staves
  1116 | D:2      | Reached skill level 1 in Slings
  1116 | D:2      | Reached skill level 1 in Bows
  1116 | D:2      | Reached skill level 1 in Crossbows
  1116 | D:2      | Reached skill level 1 in Dodging
  1116 | D:2      | Reached skill level 1 in Shields
  1116 | D:2      | Reached skill level 1 in Unarmed Combat
  1116 | D:2      | Reached skill level 1 in Spellcasting
  1116 | D:2      | Reached skill level 1 in Evocations
  1116 | D:2      | Reached XP level 4. HP: 41/41 MP: 5/5
  1268 | D:2      | Reached skill level 1 in Conjurations
  1268 | D:2      | Reached skill level 1 in Hexes
  1268 | D:2      | Reached skill level 1 in Charms
  1268 | D:2      | Reached skill level 1 in Summonings
  1268 | D:2      | Reached skill level 1 in Necromancy
  1268 | D:2      | Reached skill level 1 in Translocations
  1268 | D:2      | Reached skill level 1 in Transmutations
  1268 | D:2      | Reached skill level 1 in Fire Magic
  1268 | D:2      | Reached skill level 1 in Ice Magic
  1268 | D:2      | Reached skill level 1 in Air Magic
  1268 | D:2      | Reached skill level 1 in Earth Magic
  1268 | D:2      | Reached skill level 1 in Poison Magic
  1615 | D:2      | Reached XP level 5. HP: 47/47 MP: 6/6
  2673 | D:4      | Noticed xccam's ghost (amateur GnWn)
  2694 | D:3      | Reached XP level 6. HP: 38/53 MP: 8/8
  2912 | D:4      | Killed xccam's ghost
  3048 | D:4      | Noticed a phantom
  3070 | D:4      | Killed a phantom
  3294 | D:4      | Reached XP level 7. HP: 59/59 MP: 10/10
  3612 | D:4      | Found a shadowy altar of Dithmenos.
  3613 | D:4      | Found a stormy altar of Qazlal.
  3613 | D:4      | Found a hide-covered altar of Uskayaw.
  3614 | D:4      | Found a shimmering altar of Xom.
  3734 | D:5      | Entered Level 5 of the Dungeon
  3900 | D:5      | Noticed Blork the orc
  3906 | D:5      | Killed Blork the orc
  3970 | D:5      | Reached skill level 9 in Armour
  4229 | D:5      | Reached XP level 8. HP: 67/67 MP: 12/12
  4698 | D:6      | Found a bloodstained altar of Trog.
  4726 | D:6      | Found a staircase to the Ecumenical Temple.
  4735 | Temple   | Entered the Ecumenical Temple
  4743 | Temple   | Became a worshipper of Cheibriados the Contemplative
  4805 | D:6      | Reached XP level 9. HP: 67/72 MP: 14/14
  5193 | D:7      | Noticed Menkaure
  5206 | D:7      | Killed Menkaure
  5442 | D:7      | Reached skill level 5 in Maces & Flails
  5442 | D:7      | Reached skill level 5 in Throwing
  5578 | D:7      | Found a flagged portal.
  5582 | D:7      | Reached * piety under Cheibriados
  5618 | D:7      | Reached skill level 5 in Stealth
  5708 | Bailey   | Entered a bailey
  5927 | Bailey   | Reached skill level 5 in Invocations
  6623 | D:7      | Found Feuquet's Antique Weapon Shop.
  6624 | D:7      | Found Humixton's Antique Weapon Shop.
  6625 | D:7      | Found Loocito's Gadget Shop.
  6626 | D:7      | Found Buler's Jewellery Shop.
  6634 | D:7      | Reached XP level 10. HP: 57/80 MP: 17/17
  6847 | D:7      | Reached ** piety under Cheibriados
  6919 | D:8      | Found a staircase to the Lair.
  6951 | D:8      | Found a shimmering altar of Xom.
  6959 | D:8      | Noticed Pikel
  6968 | D:8      | Killed Pikel
  6968 | D:8      | Reached skill level 5 in Short Blades
  6968 | D:8      | Reached skill level 5 in Long Blades
  6968 | D:8      | Reached skill level 5 in Axes
  6968 | D:8      | Reached skill level 5 in Polearms
  6968 | D:8      | Reached skill level 5 in Staves
  6968 | D:8      | Reached skill level 5 in Slings
  6968 | D:8      | Reached skill level 5 in Bows
  6968 | D:8      | Reached skill level 5 in Crossbows
  6968 | D:8      | Reached skill level 5 in Dodging
  6968 | D:8      | Reached skill level 5 in Shields
  6968 | D:8      | Reached skill level 5 in Unarmed Combat
  6968 | D:8      | Reached skill level 5 in Spellcasting
  6968 | D:8      | Reached skill level 5 in Evocations
  7383 | D:8      | Noticed Grum
  7401 | D:8      | Killed Grum
  7401 | D:8      | Reached skill level 10 in Armour
  7525 | D:9      | Found a sparkling altar of Nemelex Xobeh.
  7676 | D:9      | Reached *** piety under Cheibriados
  7829 | D:9      | Noticed Psyche
  7835 | D:9      | Killed Psyche
  7914 | D:9      | Found an ancient bone altar of Kikubaaqudgha.
  8219 | D:9      | Found a radiant altar of Vehumet.
  8359 | D:10     | Entered Level 10 of the Dungeon
  8431 | D:10     | Reached **** piety under Cheibriados
  8516 | D:10     | Reached XP level 11. HP: 59/87 MP: 19/19
  8919 | D:10     | Reached ***** piety under Cheibriados
  9170 | D:10     | Found a staircase to the Orcish Mines.
  9199 | D:10     | Reached skill level 5 in Conjurations
  9199 | D:10     | Reached skill level 5 in Hexes
  9199 | D:10     | Reached skill level 5 in Charms
  9199 | D:10     | Reached skill level 5 in Summonings
  9199 | D:10     | Reached skill level 5 in Necromancy
  9199 | D:10     | Reached skill level 5 in Translocations
  9199 | D:10     | Reached skill level 5 in Transmutations
  9199 | D:10     | Reached skill level 5 in Fire Magic
  9199 | D:10     | Reached skill level 5 in Ice Magic
  9199 | D:10     | Reached skill level 5 in Air Magic
  9199 | D:10     | Reached skill level 5 in Earth Magic
  9199 | D:10     | Reached skill level 5 in Poison Magic
  9412 | D:11     | Noticed a cyclops
  9428 | D:11     | Killed a cyclops
  9488 | D:11     | Noticed Harold
  9511 | D:11     | Killed Harold
  9572 | D:11     | Found Niofobli's Book Shoppe.
  9666 | D:11     | Noticed a two-headed ogre
  9675 | D:11     | Killed a two-headed ogre
  9750 | D:11     | Found Efamea's Weapon Shop.
  9780 | D:11     | Found Mino's Antique Armour Boutique.
  9786 | D:11     | Bought a runed scarf for 248 gold pieces
  9786 | D:11     | Bought a smelly plate armour for 868 gold pieces
  9796 | D:11     | Identified the +4 plate armour "Gouttome" {rPois Str+4} (You bought it in a shop on level 11 of the Dungeon)
  9817 | D:11     | Noticed a manticore
  9829 | D:11     | Killed a manticore
  9855 | D:11     | Got a bone morningstar
  9856 | D:11     | Identified the +9 morningstar "Rostraeto" {freeze, rF++ rC- Dex+5} (You found it on level 11 of the Dungeon)
  9904 | D:11     | Noticed a cyclops
  9909 | D:11     | Killed a cyclops
 10045 | D:12     | Noticed a two-headed ogre
 10049 | D:12     | Killed a two-headed ogre
 10075 | D:12     | Reached XP level 12. HP: 91/96 MP: 22/22
 10110 | D:12     | Noticed a two-headed ogre
 10116 | D:12     | Killed a two-headed ogre
 10121 | D:12     | Reached ****** piety under Cheibriados
 10222 | D:12     | Found a labyrinth entrance.
 10240 | Lab      | Entered a labyrinth
 10385 | Lab      | Learned a level 3 spell: Conjure Flame
 10441 | Lab      | Noticed a minotaur
 10454 | Lab      | Killed a minotaur
 10454 | Lab      | Reached skill level 11 in Armour
 10462 | Lab      | Identified the Compendium of Ice and Boosts
 10501 | D:12     | Found a sparkling altar of Nemelex Xobeh.
 10809 | D:12     | Noticed Nessos
 10821 | D:12     | Killed Nessos
 10841 | D:12     | Learned a level 2 spell: Sticks to Snakes
 11074 | Lair:1   | Entered Level 1 of the Lair of Beasts
 11259 | Lair:1   | Reached skill level 10 in Fighting
 11633 | Lair:1   | Reached XP level 13. HP: 95/103 MP: 24/24
 12024 | Lair:2   | Noticed Fannar
 12040 | Lair:2   | Killed Fannar
 12161 | Lair:2   | Found a shimmering altar of Xom.
 12851 | Lair:3   | Noticed Sonja
 12851 | Lair:3   | Sonja changed into something unseen
 12864 | Lair:3   | Killed Sonja the unseen horror
 12997 | Lair:3   | Found a staircase to the Snake Pit.
 13013 | Lair:3   | Found a staircase to the Swamp.
 13118 | Lair:3   | Noticed Snorg
 13126 | Lair:3   | Killed Snorg
 13889 | Lair:4   | Reached XP level 14. HP: 72/111 MP: 26/26
 13953 | Lair:4   | Got a crystal halberd
 13959 | Lair:4   | Identified the cursed +1 halberd of Yredelemnul {drain, *Slow rC+ Str+4 SInv} (You found it on level 4 of the Lair of Beasts)
 14556 | Lair:5   | Noticed Josephine
 14562 | Lair:5   | Killed Josephine
 14562 | Lair:5   | Reached skill level 12 in Armour
 14847 | Lair:5   | Found a staircase to the Slime Pits.
 15021 | Lair:5   | Found the +8 whip "Snakebite" {curare, rPois}
 15340 | Lair:6   | Entered Level 6 of the Lair of Beasts
 15454 | Lair:6   | Reached skill level 10 in Invocations
 15582 | Lair:6   | Found a frozen archway.
 15589 | IceCv    | Entered an ice cave
 15834 | IceCv    | Noticed a frost giant
 15845 | IceCv    | Killed a frost giant
 16131 | Lair:6   | Reached XP level 15. HP: 119/119 MP: 28/28
 16284 | Lair:6   | Reached skill level 10 in Maces & Flails
 16284 | Lair:6   | Reached skill level 10 in Throwing
 16350 | Lair:6   | Reached skill level 10 in Stealth
 17032 | Orc:1    | Entered Level 1 of the Orcish Mines
 17398 | Orc:2    | Entered Level 2 of the Orcish Mines
 17465 | Orc:2    | Found a staircase to the Elven Halls.
 17535 | Orc:2    | Paralysed by an orc sorcerer for 3 turns
 17547 | Orc:2    | Paralysed by an orc sorcerer for 4 turns
 17724 | Orc:2    | Found Vuckino's Food Emporium.
 17724 | Orc:2    | Found Beghot's Antique Armour Emporium.
 17725 | Orc:2    | Found Xueffec's Magic Scroll Shoppe.
 17733 | Orc:2    | Found Cemyrph's Gadget Shoppe.
 17907 | Orc:2    | Noticed Donald
 17915 | Orc:2    | Killed Donald
 17915 | Orc:2    | Reached skill level 10 in Short Blades
 17915 | Orc:2    | Reached skill level 10 in Long Blades
 17915 | Orc:2    | Reached skill level 10 in Axes
 17915 | Orc:2    | Reached skill level 10 in Polearms
 17915 | Orc:2    | Reached skill level 10 in Staves
 17915 | Orc:2    | Reached skill level 10 in Slings
 17915 | Orc:2    | Reached skill level 10 in Bows
 17915 | Orc:2    | Reached skill level 10 in Crossbows
 17915 | Orc:2    | Reached skill level 10 in Dodging
 17915 | Orc:2    | Reached skill level 10 in Shields
 17915 | Orc:2    | Reached skill level 10 in Unarmed Combat
 17915 | Orc:2    | Reached skill level 10 in Spellcasting
 17915 | Orc:2    | Reached skill level 10 in Evocations
 18085 | Orc:2    | Bought a scroll of acquirement for 572 gold pieces
 18086 | Orc:2    | Found the +10 large shield of Ignorance {rN+ Int-4}
 18658 | D:13     | Found a glowing golden altar of the Shining One.
 19165 | D:13     | Found an ancient bone altar of Kikubaaqudgha.
 19595 | D:14     | Learned a level 2 spell: Blink
 19599 | D:14     | Learned a level 3 spell: Mephitic Cloud
 19852 | D:14     | Found a gate to the Vaults.
 19978 | D:14     | Found a deep blue altar of Sif Muna.
 20029 | D:14     | Paralysed by an efreet for 4 turns
 20053 | D:14     | Reached XP level 16. HP: 115/127 MP: 30/30
 20104 | D:14     | Reached skill level 13 in Armour
 20266 | D:14     | Found Vegaal's Antique Armour Shoppe.
 20430 | D:14     | Noticed a tengu reaver
 20439 | D:14     | Killed a tengu reaver
 20621 | D:15     | Entered Level 15 of the Dungeon
 20916 | D:15     | Found a stormy altar of Qazlal.
 21153 | D:15     | Found a staircase to the Depths.
 21258 | D:15     | Found Ciemoh's Book Shop.
 21651 | Swamp:1  | Entered Level 1 of the Swamp
 21832 | Swamp:1  | Noticed a thorn hunter
 21841 | Swamp:1  | Killed a thorn hunter
 22476 | Swamp:2  | Reached XP level 17. HP: 135/135 MP: 32/32
 23766 | Swamp:4  | Entered Level 4 of the Swamp
 24194 | Swamp:4  | Got a decaying rune of Zot
 24754 | Snake:1  | Entered Level 1 of the Snake Pit
 24778 | Snake:1  | Found Humpoll's Assorted Antiques.
 24779 | Snake:1  | Found Fowkun's Antique Armour Emporium.
 24779 | Snake:1  | Found Usisimai's Weapon Shoppe.
 24782 | Snake:1  | Found Icuagg's Weapon Emporium.
 25108 | Snake:1  | Reached skill level 10 in Conjurations
 25108 | Snake:1  | Reached skill level 10 in Hexes
 25108 | Snake:1  | Reached skill level 10 in Charms
 25108 | Snake:1  | Reached skill level 10 in Summonings
 25108 | Snake:1  | Reached skill level 10 in Necromancy
 25108 | Snake:1  | Reached skill level 10 in Translocations
 25108 | Snake:1  | Reached skill level 10 in Transmutations
 25108 | Snake:1  | Reached skill level 10 in Fire Magic
 25108 | Snake:1  | Reached skill level 10 in Ice Magic
 25108 | Snake:1  | Reached skill level 10 in Air Magic
 25108 | Snake:1  | Reached skill level 10 in Earth Magic
 25108 | Snake:1  | Reached skill level 10 in Poison Magic
 25258 | Snake:1  | Reached XP level 18. HP: 127/143 MP: 33/33
 25266 | Snake:1  | Reached skill level 14 in Armour
 25401 | Snake:1  | Found a deep blue altar of Sif Muna.
 26415 | Snake:2  | Cast into level 1 of the Abyss (salamander)
 26415 | Abyss:1  | Found a corrupted altar of Lugonu.
 26427 | Snake:2  | Escaped the Abyss
 27574 | Snake:4  | Entered Level 4 of the Snake Pit
 27671 | Snake:4  | Learned a level 1 spell: Apportation
 27785 | Snake:4  | Found an iron altar of Okawaru.
 28249 | Snake:4  | Reached XP level 19. HP: 92/151 MP: 35/35
 28381 | Snake:4  | Noticed Mara
 28397 | Snake:4  | Noticed xccam's illusion
 28565 | Snake:4  | Noticed Vashnia
 28580 | Snake:4  | Killed Vashnia
 28882 | Snake:4  | Noticed xccam's illusion
 29076 | Snake:4  | Noticed xccam's illusion
 29079 | Snake:4  | Killed Mara
 29560 | Snake:4  | Got a serpentine rune of Zot
 29681 | Snake:4  | Learned a level 3 spell: Regeneration
 29685 | Snake:4  | Learned a level 3 spell: Spectral Weapon
 30030 | Vaults:1 | Entered Level 1 of the Vaults
 30287 | Depths:1 | Entered Level 1 of the Depths
 30419 | Depths:1 | Reached XP level 20. HP: 67/159 MP: 23/36
 30540 | Depths:1 | Reached skill level 15 in Armour
 31233 | Depths:1 | Found a gateway to Hell.
 33035 | Vaults:2 | Reached XP level 21. HP: 157/166 MP: 38/38
 33146 | Vaults:2 | Noticed Sojobo
 33230 | Vaults:2 | HP: 6/166 [acid[an ironheart preserver] (10)]
 33231 | Vaults:2 | Splashed by a deep elf sorcerer's acid

Vault maps used:
D:1:      minmay_arrival_semitransparent
D:4:      chequers_temple_overflow_statue_of_worship, first_ration
D:5:      uniq_blork_the_orc
D:6:      temple_hall, serial_glass, glass_columns_b, glass_columns_b,
          glass_columns_a, glass_columns_b, glass_columns_b, glass_columns_a,
          minmay_strange_pillars, item_on_display_a, hangedman_decor_points,
          minmay_misc_feat_five, trog_eyes_of_draining
D:7:      enter_bailey_3, minmay_shop_grid_forest,
          minmay_misc_feat_more_columns, the_bakery, uniq_menkaure
D:8:      dpeg_oklobed_lair, basic_altar, uniq_pikel, uniq_grum
D:9:      vehumet_statue, lemuel_zombie_altar_kikubaaqudgha, basic_altar,
          uniq_psyche
D:10:     hiddenorc2_lemuel, serial_ice, serial_ice_b, serial_ice_l,
          serial_ice_a, serial_ice_d, minmay_misc_feat_plants
D:11:     serial_shops, kennysheep_little_box, nicolae_shop_stone,
          nicolae_shop_window_shopping, lightli_minifort, uniq_harold
D:12:     lab_entry_generic, basic_altar, uniq_nessos
D:13:     basic_altar, eino_tiny_chamber, lemuel_mausoleum_altar_kikubaaqudgha
D:14:     minmay_connected_boxes_in_corner, grunt_vaults_entry_tiered,
          serial_shops, shop, st_stairs_5, nicolae_benzene_ring,
          lemuel_blue_sif_altar
D:15:     grunt_enter_depths_hoard, serial_shops,
          nicolae_shop_temple_entry_statues_fountains, serial_bayou_lagoon_a,
          nicolae_qazlal_eye_of_the_storm
Temple:   nicolae_temple_x_marks_the_god
Lair:1:   dpeg_oklob_gauntlet, minivault_24, grunt_megastairs_1
Lair:2:   basic_altar, minivault_24, serial_bayou_shore_b, serial_bayou_shore_b,
          uniq_fannar
Lair:3:   swamp_mist_pool, minmay_snake_entry_guardpost_small, uniq_sonja,
          uniq_snorg
Lair:4:   beast_lair_carwin_large_1, minivault_26
Lair:5:   minmay_guarded_unrand_snakebite, nicolae_slime_entry_slimehenge,
          infiniplex_staircase_pool_2, grunt_megastairs_4, uniq_josephine
Lair:6:   hangedman_lair_tendril_chambers, portal_ice_cave_entry_pillars_2
Swamp:1:  evilmike_swamp_ruin_house_3, st_swamp_ruins_1
Swamp:2:  evilmike_swamp_ruin_house_6, swamp_pool1
Swamp:3:  nicolae_swamp_treefoil
Swamp:4:  swamp_alternative
Snake:1:  basic_altar, minmay_shoptagon
Snake:2:  basic_stair_grate_trap
Snake:4:  johnstein_snake_rune_scales, basic_altar, spider_trap, uniq_mara
Orc:2:    st_orc_mages, uniq_donald
Vaults:1: hangedman_vaults_river_flow, hangedman_vaults_restitches,
          vaults_room_stairs_pillars, vaults_mumra_minichess_inversion,
          ontoclasm_vaults_eye, ontoclasm_vaults_hangar, vaults_mumra_hexcomb,
          hangedman_vaults_nails, ontoclasm_vaults_gateway, st_more_cells,
          nicolae_vaults_little_ls, v_misc_8, ontoclasm_vaults_decontamination,
          vaults_dpeg_diagonal
Vaults:2: nicolae_vaults_theta, v_misc_26, v_misc_9, v_misc_5,
          minmay_crypt_entry_simple_sparse, ontoclasm_vaults_spin,
          nicolae_vaults_alarming, nicolae_vaults_little_squares_3,
          nicolae_vaults_little_squares_2, vaults_dpeg_hooks, uniq_sojobo
Depths:1: minmay_misc_feat_encased, hell_entry, hangedman_abyss_or_decor_slice,
          kennysheep_inner_square, grunt_megastairs_3
Lab:      nicolae_lab_dead_adventurers, lab_block, labyrinth_skeletal_remains
Bailey:   bailey_axe_4, bailey
IceCv:    ice_cave_small_giant

Skill      XL: |  1  2  3  4  5  6  7  8  9 10 11 12 13 14 15 16 17 18 19 20 |
---------------+-------------------------------------------------------------+-----
Invocations    | 1 2 3 4 5 6 7 8 9 10 11 12 13 14 | 14.6
Short Blades   | 1 2 3 4 5 6 7 8 9 10 11 12 13 | 13.6
Long Blades    | 1 2 3 4 5 6 7 8 9 10 11 12 13 | 13.6
Axes           | 1 2 3 4 5 6 7 8 9 10 11 12 13 | 13.6
Polearms       | 1 2 3 4 5 6 7 8 9 10 11 12 13 | 13.6
Staves         | 1 2 3 4 5 6 7 8 9 10 11 12 13 | 13.6
Slings         | 1 2 3 4 5 6 7 8 9 10 11 12 13 | 13.6
Bows           | 1 2 3 4 5 6 7 8 9 10 11 12 13 | 13.6
Crossbows      | 1 2 3 4 5 6 7 8 9 10 11 12 13 | 13.6
Dodging        | 1 2 3 4 5 6 7 8 9 10 11 12 13 | 13.6
Shields        | 1 2 3 4 5 6 7 8 9 10 11 12 13 | 13.6
Unarmed Combat | 1 2 3 4 5 6 7 8 9 10 11 12 13 | 13.6
Spellcasting   | 1 2 3 4 5 6 7 8 9 10 11 12 13 | 13.6
Evocations     | 1 2 3 4 5 6 7 8 9 10 11 12 13 | 13.6
Conjurations   | 1 2 3 4 5 6 7 8 9 10 11 | 11.7
Hexes          | 1 2 3 4 5 6 7 8 9 10 11 | 11.7
Charms         | 1 2 3 4 5 6 7 8 9 10 11 | 11.7
Summonings     | 1 2 3 4 5 6 7 8 9 10 11 | 11.7
Necromancy     | 1 2 3 4 5 6 7 8 9 10 11 | 11.7
Translocations | 1 2 3 4 5 6 7 8 9 10 11 | 11.7
Transmutations | 1 2 3 4 5 6 7 8 9 10 11 | 11.7
Fire Magic     | 1 2 3 4 5 6 7 8 9 10 11 | 11.7
Ice Magic      | 1 2 3 4 5 6 7 8 9 10 11 | 11.7
Air Magic      | 1 2 3 4 5 6 7 8 9 10 11 | 11.7
Earth Magic    | 1 2 3 4 5 6 7 8 9 10 11 | 11.7
Poison Magic   | 1 2 3 4 5 6 7 8 9 10 11 | 11.7
Maces & Flails | 3 4 5 6 7 8 9 10 11 12 13 | 13.8
Throwing       | 3 4 5 6 7 8 9 10 11 12 13 | 13.8
Stealth        | 3 4 5 6 7 8 9 10 11 12 13 | 13.7
Fighting       | 7 8 9 10 11 12 13 14 | 14.7
Armour         | 9 10 11 12 13 14 15 | 15.5

Action                   |  1- 3 |  4- 6 |  7- 9 | 10-12 | 13-15 | 16-18 | 19-21 || total
-------------------------+-------+-------+-------+-------+-------+-------+-------++-------
Melee: Club              |    39 |       |       |       |       |       |       ||    39
       Bite              |    10 |    21 |    37 |   111 |   197 |   220 |   204 ||   800
       Mace              |    91 |   235 |     2 |       |       |       |       ||   328
       Unarmed           |       |     4 |     9 |       |       |       |       ||    13
       Flail             |       |       |   308 |   466 |       |       |       ||   774
       Punch             |       |       |     7 |       |       |       |       ||     7
       Morningstar       |       |       |       |   112 |  1026 |  1119 |   826 ||  3083
       Whip              |       |       |       |       |     3 |       |       ||     3
Throw: Tomahawk          |       |       |    61 |    35 |    10 |    71 |    30 ||   207
 Cast: Sticks to Snakes  |       |       |       |     1 |       |     1 |     2 ||     4
       Mephitic Cloud    |       |       |       |       |       |     3 |     2 ||     5
       Apportation       |       |       |       |       |       |       |     1 ||     1
       Regeneration      |       |       |       |       |       |       |    10 ||    10
       Spectral Weapon   |       |       |       |       |       |       |     2 ||     2
Invok: Bend Time         |       |       |     3 |       |       |       |       ||     3
       Slouch            |       |       |       |     1 |     7 |    16 |    18 ||    42
       Temporal Distorti |       |       |       |     1 |       |       |     2 ||     3
       Step From Time    |       |       |       |       |     1 |     1 |     2 ||     4
Evoke: Lightning rod     |       |       |       |     5 |       |       |     3 ||     8
       Wand              |       |       |       |    12 |     1 |     3 |    23 ||    39
  Use: Potion            |       |     3 |     2 |     4 |     4 |     1 |     7 ||    21
       Scroll            |       |     4 |     8 |     9 |    17 |     6 |     6 ||    50
 Stab: Sleeping          |       |       |     1 |     4 |       |     3 |     2 ||    10
       Distracted        |       |       |       |       |       |     3 |     5 ||     8
       Confused          |       |       |       |       |       |     1 |     1 ||     2
  Eat: Chunk             |     1 |     7 |    10 |     7 |    12 |     8 |     7 ||    52
       Ration            |       |       |       |     2 |     1 |     4 |     2 ||     9
Armor: Scale mail        |   120 |   118 |   186 |   195 |       |       |       ||   619
       Skin              |       |    66 |       |     4 |       |       |       ||    70
       Plate armour      |       |       |       |    72 |   412 |   378 |   256 ||  1118
Dodge: Dodged            |   123 |   151 |   253 |   529 |   727 |   830 |   615 ||  3228
       Deflected         |       |       |       |     4 |     8 |    44 |    32 ||    88
Block: Buckler           |       |       |       |   245 |   125 |       |       ||   370
       Shield            |       |       |       |       |   780 |  1120 |   838 ||  2738

Table legend:
 A = Spawn XP
 B = Non-spawn XP
 C = Spawn XP percentage of total XP
 D = Spawn monster count
 E = Non-spawn monster count
 F = Spawn count percentage of total count
 G = Total turns spent on level
                    A         B        C        D         E        F      G
               +---------+---------+-------+---------+---------+-------+---------
         Total |       0 |  502654 |   0.0 |       0 |    1432 |   0.0 | 33231
               +---------+---------+-------+---------+---------+-------+---------
           D:1 |       0 |      35 |   0.0 |       0 |      18 |   0.0 |   666
           D:2 |       0 |     144 |   0.0 |       0 |      33 |   0.0 |   999
           D:3 |       0 |     163 |   0.0 |       0 |      19 |   0.0 |  1346
           D:4 |       0 |     360 |   0.0 |       0 |      17 |   0.0 |   723
           D:5 |       0 |     504 |   0.0 |       0 |      16 |   0.0 |   622
           D:6 |       0 |    1513 |   0.0 |       0 |      25 |   0.0 |   787
           D:7 |       0 |    1349 |   0.0 |       0 |      29 |   0.0 |  1075
           D:8 |       0 |    1587 |   0.0 |       0 |      19 |   0.0 |   692
           D:9 |       0 |    1947 |   0.0 |       0 |      24 |   0.0 |   910
          D:10 |       0 |    3023 |   0.0 |       0 |      60 |   0.0 |  1210
          D:11 |       0 |    5815 |   0.0 |       0 |      38 |   0.0 |   727
          D:12 |       0 |    9873 |   0.0 |       0 |      33 |   0.0 |   723
          D:13 |       0 |    4010 |   0.0 |       0 |      24 |   0.0 |  1006
          D:14 |       0 |   34467 |   0.0 |       0 |      93 |   0.0 |  1394
          D:15 |       0 |   15599 |   0.0 |       0 |      39 |   0.0 |   941
        Lair:1 |       0 |    4480 |   0.0 |       0 |      16 |   0.0 |  1009
        Lair:2 |       0 |    5464 |   0.0 |       0 |      16 |   0.0 |   956
        Lair:3 |       0 |    6832 |   0.0 |       0 |      25 |   0.0 |   645
        Lair:4 |       0 |   11172 |   0.0 |       0 |      32 |   0.0 |  1077
        Lair:5 |       0 |   11302 |   0.0 |       0 |      47 |   0.0 |   826
        Lair:6 |       0 |   18835 |   0.0 |       0 |      65 |   0.0 |  1074
       Swamp:1 |       0 |   22781 |   0.0 |       0 |      61 |   0.0 |   768
       Swamp:2 |       0 |   13238 |   0.0 |       0 |      35 |   0.0 |   742
       Swamp:3 |       0 |    9810 |   0.0 |       0 |      28 |   0.0 |   894
       Swamp:4 |       0 |   29755 |   0.0 |       0 |      50 |   0.0 |   688
       Snake:1 |       0 |   22634 |   0.0 |       0 |      41 |   0.0 |   993
       Snake:2 |       0 |    8770 |   0.0 |       0 |      16 |   0.0 |   922
       Snake:3 |       0 |   32676 |   0.0 |       0 |      59 |   0.0 |   960
       Snake:4 |       0 |   82957 |   0.0 |       0 |     126 |   0.0 |  2170
         Orc:1 |       0 |    3636 |   0.0 |       0 |      28 |   0.0 |   387
         Orc:2 |       0 |    9396 |   0.0 |       0 |      62 |   0.0 |  1091
      Vaults:1 |       0 |   41865 |   0.0 |       0 |      84 |   0.0 |  1189
      Vaults:2 |       0 |   12333 |   0.0 |       0 |      13 |   0.0 |   206
      Depths:1 |       0 |   62625 |   0.0 |       0 |      77 |   0.0 |  1428
           Lab |       0 |    1208 |   0.0 |       0 |       1 |   0.0 |   245
        Bailey |       0 |     868 |   0.0 |       0 |      27 |   0.0 |   644
         IceCv |       0 |    9628 |   0.0 |       0 |      36 |   0.0 |   469
               +---------+---------+-------+---------+---------+-------+---------
